AoeStats
← Michi3052

Marketplace

505267140Analyzed
1v1 RM · 25d ago on Sep 8, 2026· 23m 51s· 2 players
Game mode
Random Map
Map size
Tiny (2 player)
Population
200
Speed
Normal
Resources
Standard
Victory
Conquest
Starting age
Dark Age
Ending age
Imperial Age
RankedLock teamsTeams togetherTeam positionsShared explorationLock speedFull tech treeHidden civsTurbo modeCheats
Victory
Defeat
🇪🇸 Hindustanis · Spain
610
+4
🇫🇷 Malay · France
277
-4
TonySilva171162
8:24 Loom
13:07 Feudal Age
12:47 Town Watch
19:18 Double-Bit Axe
21:55 Horse Collar
Michi3052
7:51 Loom
10:27 Feudal Age
11:01 Double-Bit Axe
13:27 Bloodlines
20:15 Castle Age
19:15 Horse Collar
19:49 Gold Mining
22:00 Wheelbarrow
22:05 Bow Saw
22:58 Husbandry
Connection lost

Rejoining the realm…

Still unreachable

The connection could not be restored.

Session expired

The server has moved on; the page needs a fresh start.